 Dungeon Crawl Stone Soup version 0.30.1-3-gfc49f6343a (webtiles) character file.

Game seed: 16855680836622423164

2818 booth the Magician (level 9, -8/65 HPs)
             Began as a Demonspawn Hedge Wizard on July 31, 2023.
             Mangled by Pikel
             ... wielding a +0 whip of electrocution
              (11 damage)
             ... on level 7 of the Dungeon.
             The game lasted 00:59:24 (7458 turns).

booth the Magician (Demonspawn Hedge Wizard)        Turns: 7458, Time: 00:59:25

Health: -8/65      AC:  8    Str: 17    XL:     9   Next: 45%
Magic:  14/18      EV: 13    Int: 17    God:
Gold:   357        SH:  0    Dex: 18    Spells: 6/20 levels left

rFire   . . .        y - staff of conjuration "Yniug" {*Corrode Str+4 Dex+2}
rCold   . . .        (no shield)
rNeg    . . .        n - +0 leather armour "Nal Zuem" {Regen+ Dex+3 Slay+3}
rPois   .            c - +0 hat
rElec   .            h - +1 cloak
rCorr   +            e - +0 pair of gloves
SInv    .            (no boots)
Will    .....        (no amulet)
Stlth   +++          q - +4 ring of slaying
HPRegen 1.10/turn    w - ring of resist corrosion
MPRegen 0.16/turn

%: corrode self (3%)
@: no status effects
A: claws 1, yellow scales 1, demonic guardian 1, ignite blood 1
a: no special abilities


You were on level 7 of the Dungeon.
You visited 2 branches of the dungeon, and saw 8 of its levels.

You collected 357 gold pieces.

Inventory:

Hand Weapons
 a - a +0 dagger
 s - a +4 quarterstaff of chaos
 t - a +1 hammer of protection
 B - a +1 hand axe of electrocution
Missiles
 m - 6 boomerangs (quivered)
 o - 13 poisoned darts
 u - a boomerang of dispersal
 x - 4 javelins
 z - 6 throwing nets
Armour
 b - a +0 robe
 c - a +0 hat (worn)
 e - a +0 pair of gloves (worn)
 h - a +1 cloak (worn)
 n - the +0 leather armour "Nal Zuem" (worn) {Regen+ Dex+3 Slay+3}
   (You found it on level 2 of the Dungeon)

   Dex:       It affects your dexterity (+3).
   Slay:      It affects your accuracy & damage with ranged weapons and melee
   (+3).
   Regen:     It increases your rate of health regeneration.
 D - a +3 ring mail of willpower
Magical Staves
 y - the staff of conjuration "Yniug" (weapon) {*Corrode Str+4 Dex+2}
   (You acquired it on level 4 of the Dungeon)

   [staff of conjuration]

   Base accuracy: +5 Base damage: 5 Base attack delay: 1.2 This weapon's minimum
   attack delay (0.6) is reached at skill level 12.
   Str:       It affects your strength (+4).
   Dex:       It affects your dexterity (+2).
   *Corrode:  It may corrode you when you take damage.
   It falls into the 'Staves' category.
   It is a one-handed weapon.
Jewellery
 l - a ring of fire
 q - a +4 ring of slaying (left hand)
 w - a ring of resist corrosion (right hand)
 G - a ring of willpower
 K - a +5 ring of evasion
Wands
 C - a wand of paralysis (10)
 L - a wand of flame (8)
Scrolls
 j - a scroll of summoning
 k - 2 scrolls of teleportation
 r - a scroll of blinking
 v - a scroll of fear
 E - a scroll of poison
 F - a scroll of identify
Potions
 d - a potion of magic
 f - a potion of brilliance
 g - a potion of berserk rage
 i - 2 potions of invisibility
 p - 3 potions of mutation
 A - a potion of flight
 H - a potion of heal wounds
 I - a potion of attraction
 J - a potion of curing


   Skills:
 + Level 3.8 Fighting
 + Level 2.2 Axes
 - Level 1.2 Staves
 + Level 2.8 Throwing
 + Level 4.1 Dodging
 + Level 4.3 Stealth
 * Level 6.1 Spellcasting
 + Level 4.1 Conjurations
 + Level 4.1 Summonings
 + Level 3.2 Necromancy
 + Level 3.7 Translocations


You had 6 spell levels left.
You knew the following spells:

 Your Spells              Type           Power      Damage    Failure   Level
a - Magic Dart            Conj           100%       1d8       2%          1
b - Call Imp              Summ           38%        N/A       4%          2
c - Blink                 Tloc           36%        N/A       4%          2
d - Apportation           Tloc           36%        N/A       3%          1
e - Teleport Other        Tloc           18%        N/A       10%         3
f - Cigotuvi's Dreadful   Necr/Pois/Air  16%        N/A       16%         2
g - Mephitic Cloud        Conj/Pois/Air  14%        N/A       26%         3

Your spell library contained the following spells:

 Spells                   Type           Power      Damage    Failure   Level
 Summon Small Mammal      Summ           76%        N/A       2%          1
 Lesser Beckoning         Tloc           36%        N/A       4%          2
 Slow                     Hex            20%        N/A       16%         1
 Passage of Golubria      Tloc           18%        N/A       32%         4
 Blade Hands              Tmut           2%         N/A       99%         5


Dungeon Overview and Level Annotations

Branches:
Dungeon (7/15)             Temple (1/1) D:4

Altars:
Dithmenos
Kikubaaqudgha
Okawaru
Qazlal
Ru
Sif Muna
Trog
Vehumet
Wu Jian
Xom
Yredelemnul

Shops:
D:1 (((((

Annotations:
D:5 2 transporters, Kranky's ghost, amateur GnWn
D:7 Pikel


Innate Abilities, Weirdness & Mutations

You have sharp fingernails.
You are partially covered in yellow scales. (AC +2)
A weak demonic guardian rushes to your aid.
Your demonic aura sometimes causes spilled blood to erupt in flames.


Message History

You swap places.
Pikel hits your iron imp with a +0 whip of electrocution.
The lemure hits your iron imp but does no damage.
The lemure hits your iron imp but does no damage.
Pikel hits your iron imp with a +0 whip of electrocution!
Your iron imp closely misses Pikel.
Pikel closely misses your iron imp.
Your iron imp barely misses Pikel.
Pikel hits your iron imp with a +0 whip of electrocution!
Your iron imp dies!
Your iron imp disappears in a puff of smoke!
Casting: Magic Dart (safe; 2% risk of failure)
Confirm with . or Enter, or press ? or * to list all spells.
A tiny devil pulls itself out of the air.
You swap places.
The lemure hits your cerulean imp.
Your cerulean imp hits the lemure with a -3 spear.
The lemure hits your cerulean imp!
Your cerulean imp misses the lemure.
The lemure hits your cerulean imp.
Your cerulean imp hits the lemure but does no damage.
The lemure closely misses your cerulean imp.
Your cerulean imp barely misses the lemure.
The lemure hits your cerulean imp.
Your cerulean imp dies!
Your cerulean imp disappears in a puff of smoke!
The lemure hits you.
* * * LOW HITPOINT WARNING * * *
The lemure attacks as you move away! The lemure hits you.
* * * LOW HITPOINT WARNING * * *
Pikel says, "You'll make a fine lemure."
Pikel closely misses you.
You hit Pikel.
Pikel is heavily wounded.
Pikel barely misses you. The lemure hits you.
* * * LOW HITPOINT WARNING * * *
You hit Pikel.
Pikel is heavily wounded.
Pikel hits you with a +0 whip of electrocution!
* * * LOW HITPOINT WARNING * * *
A demonic guardian appears!
The lemure closely misses you.
Pikel hits you with a +0 whip of electrocution!
You die...

#....##..##.##.
#..P.##........
#..P.##.###.###
#....##.###.#
#...........#
##.♣5##.#####
#.♣5##.#######
#.♣5##........
#.♣@##.#######
#.K5#..#
#...#.##
##....# ######


You could see Pikel (strong, ally target), 3 lemures and a friendly iron imp
(summoned).

Vanquished Creatures
  Sigmund (D:5)
  Edmund (D:6)
  A water moccasin (D:7)
  An orc warrior (D:6)
  A sky beast (D:6)
  2 ogres
  A centaur (D:6)
  2 phantoms
  A bullfrog (D:7)
  3 scorpions (D:6)
  4 wights (D:6)
  2 jellies
  An orc priest (D:5)
  Crazy Yiuf (D:2)
  3 hounds
  3 iguanas
  2 sleepcaps
  Ijyb (D:5)
  7 orc wizards
  7 gnolls
  14 adders
  A river rat (D:3)
  A white imp (D:7)
  An ufetubus (D:5)
  4 worms
  3 dart slugs
  11 orcs
  5 bats
  9 endoplasms
  3 giant cockroaches
  7 goblins
  5 hobgoblins
  4 jackals
  10 kobolds
  3 quokkas
  7 ball pythons
  4 frilled lizards
  10 rats
147 creatures vanquished.

Vanquished Creatures (collateral kills)
  Grinder (D:4)
  A sky beast (D:3)
  Blork the orc (D:5)
  3 hounds
  8 gnolls
  A river rat (D:3)
  2 orcs
17 creatures vanquished.

Vanquished Creatures (others)
  An orc wizard (D:3)
1 creature vanquished.

Grand Total: 165 creatures vanquished

Notes
Turn   | Place    | Note
-------+----------+-------------------------------------------
     0 | D:1      | booth the Demonspawn Hedge Wizard began the quest for the
                  | Orb.
     0 | D:1      | Reached XP level 1. HP: 13/13 MP: 4/4
     6 | D:1      | Noticed an iguana
     6 | D:1      | Noticed an anaconda
     7 | D:1      | Noticed a wyvern
    59 | D:1      | Reached skill level 1 in Translocations
   276 | D:1      | Gained mutation: You are partially covered in yellow
                  | scales. (AC +2) [demonic ancestry]
   276 | D:1      | Reached XP level 2. HP: 18/19 MP: 4/6
   852 | D:1      | Found Onaixieg's Antique Weapon Shoppe.
  1008 | D:1      | Found Muogg's Weapon Emporium.
  1046 | D:1      | Found Sufircha's Antique Weapon Emporium.
  1097 | D:1      | Found Xoxtour's Weapon Emporium.
  1108 | D:1      | Found Last's Weapon Boutique.
  1518 | D:2      | Gained mutation: You have sharp fingernails. [demonic
                  | ancestry]
  1518 | D:2      | Reached XP level 3. HP: 12/25 MP: 2/7
  1601 | D:1      | Learned a level 2 spell: Call Imp
  1604 | D:1      | Learned a level 2 spell: Blink
  1769 | D:2      | Identified the +0 leather armour "Nal Zuem" {Regen+ Dex+3
                  | Slay+3}
  1827 | D:2      | Reached skill level 1 in Fighting
  1853 | D:2      | Gained mutation: A weak demonic guardian rushes to your
                  | aid. [demonic ancestry]
  1853 | D:2      | Reached XP level 4. HP: 32/32 MP: 9/9
  2329 | D:2      | Got Haeplymi's Omnibus of the Reshaped Traveller
  2332 | D:2      | Learned a level 1 spell: Apportation
  2410 | D:2      | Found a runed translucent door.
  2411 | D:2      | Noticed Crazy Yiuf
  2437 | D:2      | Killed Crazy Yiuf
  2562 | D:3      | Reached XP level 5. HP: 37/37 MP: 5/10
  2688 | D:3      | Found a shimmering blue altar of Sif Muna.
  2926 | D:3      | Found a faded altar of an unknown god.
  2946 | D:3      | Got Plato's Teachings on Allies
  3100 | D:3      | Found a radiant altar of Vehumet.
  3281 | D:3      | Noticed a sky beast
  3303 | D:3      | Reached skill level 4 in Spellcasting
  3373 | D:3      | Killed a sky beast
  3374 | D:3      | Reached XP level 6. HP: 17/44 MP: 10/12
  4052 | D:4      | Found a staircase to the Ecumenical Temple.
  4064 | Temple   | Entered the Ecumenical Temple
  4276 | D:4      | Found an ornate altar of the Wu Jian Council.
  4364 | D:4      | Reached XP level 7. HP: 48/50 MP: 11/13
  5018 | D:4      | Identified a scroll of acquirement
  5018 | D:4      | Acquired the staff of conjuration "Yniug" {*Corrode Str+4
                  | Dex+2}
  5026 | D:4      | Learned a level 3 spell: Teleport Other
  5029 | D:4      | Learned a level 2 spell: Cigotuvi's Dreadful Rot
  5033 | D:4      | Learned a level 3 spell: Mephitic Cloud
  5058 | D:5      | Entered Level 5 of the Dungeon
  5058 | D:5      | Noticed Grinder
  5058 | D:5      | Found a shadowy altar of Dithmenos.
  5082 | D:4      | Killed Grinder
  5083 | D:4      | Reached skill level 1 in Throwing
  5150 | D:5      | Reached skill level 1 in Staves
  5150 | D:5      | Reached skill level 1 in Necromancy
  5254 | D:5      | Noticed Blork the orc
  5269 | D:5      | HP: 1/51 [Blork the orc/+1 hand axe of electrocution (16)]
  5272 | D:5      | Killed Blork the orc
  5403 | D:5      | Noticed Ijyb
  5413 | D:5      | Reached skill level 5 in Spellcasting
  5413 | D:5      | Reached XP level 8. HP: 33/57 MP: 10/15
  5468 | D:5      | Paralysed by Ijyb for 5 turns
  5473 | D:5      | Killed Ijyb
  5518 | D:5      | Noticed Sigmund
  5527 | D:5      | Killed Sigmund
  5528 | D:5      | Reached skill level 1 in Axes
  5549 | D:5      | Found a transporter.
  5554 | D:5      | Noticed Kranky's ghost (amateur GnWn)
  5582 | D:5      | Found a transporter.
  6035 | D:6      | Identified the +2 robe of the Nine of Pentacles {Rampage
                  | *Corrode Dex+5 Stlth+}
  6240 | D:6      | Gained mutation: Your demonic aura sometimes causes spilled
                  | blood to erupt in flames. [demonic ancestry]
  6240 | D:6      | Reached XP level 9. HP: 10/63 MP: 17/17
  6794 | D:6      | Reached skill level 6 in Spellcasting
  6891 | D:6      | Noticed Edmund
  6907 | D:6      | Killed Edmund
  7202 | D:7      | Identified the +0 plate armour of Ycko {rPois rN+ Will-
                  | SInv}
  7347 | D:7      | Found an iron altar of Okawaru.
  7408 | D:7      | Noticed Pikel
  7433 | D:7      | Paralysed by Pikel for 3 turns
  7458 | D:7      | HP: 3/65 [Pikel/+0 whip of electrocution (12)]
  7458 | D:7      | Mangled by Pikel

Illustrated notes

Levels and vault maps discovered:
D:1:      onia_arrival_zoo_common, layout_basic, serial_shops, shop,
          nicolae_shop_bloodbath_and_beyond, nicolae_shop_real_fake_doors,
          nicolae_shop_behind_doors, shop
D:2:      layout_rooms, uniq_crazy_yiuf_cottage
D:3:      layout_rooms, kennysheep_orc_sif_temple, nicolae_vehumet_altar_sigil,
          portal_sewer_entry_b, shapermc_ecumenical_altar_rom_forum,
          kennysheep_cross_bottleneck
D:4:      layout_basic, nicolae_wu_jian_wuxing_cycle,
          minmay_temple_entry_statues_pillars, hangedman_abyss_or_decor_passed,
          kennysheep_generic_room_10
D:5:      layout_basic, nicolae_dithmenos_through_a_glass_darkly,
          gammafunk_ghost_stat_death, uniq_sigmund, uniq_ijyb,
          uniq_blork_the_orc, uniq_grinder
D:6:      wander_river, layout_layer_cave, minmay_misc_feat_room, uniq_edmund
D:7:      layout_loops_ring, mainiacjoe_overflow_boulevard,
          nicolae_hepliaklqana_monster_ancestors, hellmonk_no_cap, uniq_pikel
Temple:   compressed_dpeg_triangle_lava_temple

Skill      XL: |  1  2  3  4  5  6  7  8  9 |
---------------+----------------------------+-----
Translocations | 1 2 3 |  3.7
Stealth        | 2 3 4 |  4.3
Dodging        | 2 3 4 |  4.1
Fighting       | 1 2 3 |  3.8
Conjurations   | 2 3 4 |  4.1
Summonings     | 2 3 4 |  4.1
Spellcasting   | 4 5 6 |  6.1
Throwing       | 1 2 |  2.8
Staves         | 1 |  1.2
Necromancy     | 1 2 3 |  3.2
Axes           | 1 2 |  2.2

Action                     |  1- 3 |  4- 6 |  7- 9 || total
---------------------------+-------+-------+-------++-------
  Melee: Dagger            |    69 |   164 |    29 ||   262
         Staff             |       |       |   153 ||   153
         Hand axe          |       |       |    25 ||    25
         Punch             |       |       |     4 ||     4
  Throw: Dart              |    11 |    17 |       ||    28
         Boomerang         |       |     2 |    28 ||    30
   Cast: Magic Dart        |    53 |    47 |    70 ||   170
         Call Imp          |     1 |    10 |    13 ||    24
         Teleport Other    |       |       |     1 ||     1
         Mephitic Cloud    |       |       |     2 ||     2
    Use: Scroll            |     3 |     6 |    10 ||    19
         Potion            |     1 |     3 |     3 ||     7
   Stab: Sleeping          |     1 |     2 |     4 ||     7
         Distracted        |       |     1 |     3 ||     4
         Confused          |       |       |     2 ||     2
 Armour: Robe              |    12 |       |       ||    12
         Leather armour    |     7 |    59 |    59 ||   125
         Skin              |       |    26 |       ||    26
  Dodge: Dodged            |    45 |    93 |   148 ||   286
